Selects Australian Defense Battlegroup
Selects Australian Light Infantry Section
Australian Light Infantry Section
Australian Light Infantry Section
Construct Field Infirmary
Construct Section Command Post
Construct Platoon Command Post
Selects CMP 15cwt Supply Run
6-pounder Anti-tank Gun Team
Selects Reinforced Resource Caches
Construct Company Command Post
Australian Light Infantry Section
Selects Defensive Tactics
Selects Vehicle Over Repair
Selects Charged Creeping Barrage